cohdb
Replays
Latest Replays
All Replays
Popular Replays
Top Player Replays
Match Explorer
How It Works
Community
CoH3 Stats
Reddit
Sign in to upload your games and track your stats! →
Sign in with Steam
Match 45694026
Unlisted
Match 45694026
Overview
Messages
Build Orders
End
Vickers Machine Gun Team
Construct Section Command Post
Selects Air and Sea Battlegroup
Dingo Light Scout Car
Infantry Section
Infantry Section
Construct Platoon Command Post
Humber Armored Car
6-pounder Anti-tank Gun Team
Selects Supply Surplus
Construct Company Command Post
Matilda II Heavy Tank
Construct Resource Cache
Construct Resource Cache
Selects Commando Section Paradrop
Selects Commando Support Section Paradrop
Matilda II Heavy Tank
Selects Incendiary Bombing Run
Commando Support Section Paradrop
Incendiary Bombing Run
Hunter
el campo
MaXiS
THUNDER ⚔
Водитель по Губам
Boss
0
0
Comments
sign in to comment!
No comments posted yet!